 Dungeon Sprint DCSS version 0.19-a0-1553-g64c24c3 (webtiles) character file.

2279 Tesnorth the Bludgeoner (level 9, -3/92 HPs)
             Began as a Minotaur Berserker on Sept 14, 2016.
             Was an Elder of Trog.
             Slain by a demonic crawler (9 damage)
             ... in the Dungeon (Sprint I: "Red Sonja").
             The game lasted 00:05:05 (990 turns).

Tesnorth the Bludgeoner (Minotaur Berserker)         Turns: 990, Time: 00:05:06

Health: -3/92      AC:  9    Str: 22    XL:     9   Next: 16%
Magic:  8/8        EV: 11    Int:  4    God:    Trog [****..]
Gold:   450        SH:  0    Dex: 10    Spells: 0 memorised, 8 levels left

rFire  . . .     SeeInvis .     a - +0 mace
rCold  . . .     Gourm    .     k - +0 scale mail of the Sparrow {+Fly rPois rN+ Dex-3}
rNeg   + . .     Faith    .     (no shield)
rPois  +         Spirit   .     (helmet restricted)
rElec  .         Dismiss  .     (no cloak)
rCorr  .         Reflect  .     (no gloves)
MR     .....     Harm     .     (no boots)
Stlth  .......... NoTele   +    (no amulet)
                                (no ring)
                                (no ring)

@: no status effects
A: retaliatory headbutt, horns 2
a: Berserk, Trog's Hand, Brothers in Arms, Burn Spellbooks, Renounce Religion,
Evoke Flight


You were in the Dungeon.
You worshipped Trog.
Trog was greatly pleased with you.
You were very hungry.

You visited 1 branch You collected 621 gold pieces.
You spent 171 gold pieces at shops.

Inventory:

Hand Weapons
 a - a +0 mace (weapon)
 b - a +0 blowgun
Missiles
 l - 4 curare-tipped needles {!f}
Armour
 f - a +0 animal skin
 j - a +0 ring mail
 k - the +0 scale mail of the Sparrow (worn) {+Fly rPois rN+ Dex-3}
   (You bought it in a shop in the Dungeon)

   It affects your dexterity (-3).
   It protects you from poison.
   It protects you from negative energy.
   It lets you fly.
Scrolls
 c - 3 scrolls of remove curse {unknown}
 B - a scroll of blinking {!r}
Potions
 d - a potion of curing
 e - a potion of heal wounds
 g - 2 potions of magic
 h - a potion of berserk rage
 i - 2 potions of cure mutation {unknown}


   Skills:
 + Level 12.7 Fighting
 * Level 16.8 Maces & Flails
 + Level 12.5 Armour
 - Level 2.1 Dodging


You had 8 spell levels left.
You didn't know any spells.

Dungeon Overview and Level Annotations

Branches:
Dungeon (1/1)

Altars:
Cheibriados
Dithmenos
Elyvilon
Fedhas
Gozag
Hepliaklqana
Kikubaaqudgha
Makhleb
Nemelex Xobeh
Okawaru
Qazlal
Ru
Sif Muna
Trog
Uskayaw
Vehumet
Xom
Yredelemnul
Zin
The Shining One
Jiyva
Lugonu

Shops:
D [


Innate Abilities, Weirdness & Mutations

You reflexively headbutt those who attack you in melee.
You have a pair of horns on your head.


Message History

You barely miss the demonic crawler.
The demonic crawler is moderately wounded.
The demonic crawler hits you.
* * * LOW HITPOINT WARNING * * *
The demonic crawler barely misses you. x2
The kobold demonologist gestures wildly while chanting.
You bludgeon the demonic crawler!!
The demonic crawler is severely wounded.
The demonic crawler hits you.
* * * LOW HITPOINT WARNING * * *
The demonic crawler hits you.
* * * LOW HITPOINT WARNING * * *
The demonic crawler barely misses you.
The kobold demonologist gestures wildly while chanting.
You hit the demonic crawler but do no damage.
The demonic crawler is severely wounded.
The demonic crawler hits you.
* * * LOW HITPOINT WARNING * * *
The demonic crawler barely misses you. The demonic crawler hits you!
You die...

##########################
#<.#..'..#[.'3.#4_#.4')(.#
#..)).#..'..#.sK^.ss.#...#
#..#####'#####s#__####...'..#
#..####..#...#@####§§ ####..+
#..#__####..##.#≈≈≈§c ##
#..#_____##'#..+≈≈§§
#⌠⌠#_.∩..)'..._#
####_..__##_.#'#
#_____###'#.#
#########.####+###
.......'...'.....+
++++####...#######


You could see a soul eater, 2 demonic crawlers, an ice devil and a kobold
demonologist.

Vanquished Creatures
  Sonja (D)
  A deep troll (D)
  A kobold demonologist (D)
  A demonic crawler (D)
  A slime creature (D)
  Sigmund (D)
  A yak (D)
  A giant eyeball (D)
  An ogre (D)
  A jelly (D)
  Ijyb (D)
11 creatures vanquished.

Vanquished Creatures (others)
  2 wasps (D)
2 creatures vanquished.

Grand Total: 13 creatures vanquished

Notes
Turn   | Place    | Note
-------+----------+-------------------------------------------
     0 | D        | Tesnorth the Minotaur Berserker began the quest for the Orb.
     0 | D        | Reached XP level 1. HP: 19/19 MP: 0/0
     2 | D        | Noticed Ijyb
     9 | D        | Killed Ijyb
     9 | D        | Reached skill level 6 in Maces & Flails
     9 | D        | Reached XP level 2. HP: 27/28 MP: 1/1
    25 | D        | Noticed an ogre
    31 | D        | Killed an ogre
    31 | D        | Reached skill level 8 in Maces & Flails
    31 | D        | Reached XP level 3. HP: 27/38 MP: 2/2
    31 | D        | Reached XP level 4. HP: 32/45 MP: 3/3
   185 | D        | Noticed Sigmund
   195 | D        | Killed Sigmund
   195 | D        | Reached ** piety under Trog
   195 | D        | Reached skill level 11 in Maces & Flails
   195 | D        | Reached XP level 5. HP: 53/53 MP: 4/4
   195 | D        | Reached XP level 6. HP: 61/61 MP: 5/5
   251 | D        | Found a burning altar of Makhleb.
   251 | D        | Found a viscous altar of Jiyva.
   251 | D        | Found a shimmering altar of Xom.
   251 | D        | Found a corrupted altar of Lugonu.
   251 | D        | Noticed a slime creature
   258 | D        | Killed a slime creature
   258 | D        | Reached skill level 12 in Maces & Flails
   296 | D        | Found a deep blue altar of Sif Muna.
   298 | D        | Found a radiant altar of Vehumet.
   332 | D        | Found Soushups's Antique Armour Emporium.
   332 | D        | Found an ancient bone altar of Kikubaaqudgha.
   332 | D        | Found a hazy altar of Hepliaklqana.
   332 | D        | Found a hide-covered altar of Uskayaw.
   332 | D        | Found a basalt altar of Yredelemnul.
   332 | D        | Found an opulent altar of Gozag.
   332 | D        | Found a snail-covered altar of Cheibriados.
   332 | D        | Found a sacrificial altar of Ru.
   332 | D        | Found a shadowy altar of Dithmenos.
   332 | D        | Noticed a yak
   333 | D        | Found a stormy altar of Qazlal.
   333 | D        | Found a blossoming altar of Fedhas.
   333 | D        | Found a bloodstained altar of Trog.
   333 | D        | Found an iron altar of Okawaru.
   333 | D        | Found a glowing silver altar of Zin.
   347 | D        | Killed a yak
   347 | D        | Reached *** piety under Trog
   347 | D        | Reached skill level 10 in Fighting
   347 | D        | Reached skill level 13 in Maces & Flails
   347 | D        | Reached XP level 7. HP: 16/72 MP: 6/6
   354 | D        | Found a glowing golden altar of the Shining One.
   354 | D        | Found a white marble altar of Elyvilon.
   356 | D        | Found a sparkling altar of Nemelex Xobeh.
   600 | D        | Bought a brightly glowing scale mail for 171 gold pieces
   610 | D        | Identified the +0 scale mail of the Sparrow {+Fly rPois rN+ Dex-3} (You bought it in a shop in the Dungeon)
   616 | D        | Noticed Sonja
   653 | D        | Killed Sonja
   653 | D        | Reached skill level 14 in Maces & Flails
   653 | D        | Reached XP level 8. HP: 30/82 MP: 7/7
   885 | D        | Noticed a deep troll
   886 | D        | lol
   897 | D        | Killed a deep troll
   897 | D        | Reached skill level 15 in Maces & Flails
   933 | D        | Noticed a centaur warrior
   952 | D        | Noticed a kobold demonologist
   962 | D        | Reached **** piety under Trog
   962 | D        | Reached skill level 16 in Maces & Flails
   963 | D        | Noticed a kobold demonologist
   963 | D        | Noticed a demonic crawler
   963 | D        | Noticed a demonic crawler
   963 | D        | Noticed a demonic crawler
   963 | D        | Noticed a demonic crawler
   966 | D        | Killed a kobold demonologist
   966 | D        | Reached XP level 9. HP: 83/91 MP: 8/8
   975 | D        | Noticed a red devil
   982 | D        | Killed a demonic crawler
   989 | D        | Noticed an ice devil
   990 | D        | Noticed a soul eater
   990 | D        | Slain by a demonic crawler

Vault maps used:
D:        dungeon_sprint_1

Skill      XL: |  1  2  3  4  5  6  7  8 |
---------------+-------------------------+-----
Fighting       | 4 6 8 10 11 12 | 12.7
Maces & Flails | 6 8 11 13 14 16 | 16.8
Armour         | 4 6 7 9 11 12 | 12.5
Dodging        | |  2.1

Action                   |  1- 3 |  4- 6 |  7- 9 || total
-------------------------+-------+-------+-------++-------
Melee: Mace              |     8 |    22 |    43 ||    73
       Headbutt          |     4 |    10 |     8 ||    22
 Fire: Blowgun           |       |       |     2 ||     2
Invok: Berserk           |     1 |     2 |     2 ||     5
  Use: Potion            |       |       |     1 ||     1
  Eat: Bread ration      |       |     1 |       ||     1
Armor: Animal skin       |     1 |       |       ||     1
       Ring mail         |       |     4 |       ||     4
       Scale mail        |       |       |    33 ||    33
Dodge: Dodged            |     4 |     4 |    42 ||    50

Vault maps used:
D:        dungeon_sprint_1
